 Dungeon Crawl Stone Soup version 0.28.0 (webtiles) character file.

Game seed: 8846102759035826030

189 SnakkuSnakku7 the Conjurer (level 5, -3/28 HPs)
             Began as a Tengu Earth Elementalist on Feb 10, 2022.
             Killed by nerve-wracking pain
             ... invoked by Grinder
              (10 damage)
             ... on level 3 of the Dungeon.
             The game lasted 00:04:24 (2073 turns).

SnakkuSnakku7 the Conjurer (TeEE)                   Turns: 2073, Time: 00:04:25

Health: -3/28      AC:  2    Str:  5 (8)  XL:     5   Next: 68%
Magic:  3/9        EV: 14    Int: 15 (17) God:
Gold:   63         SH:  0    Dex: 12 (15) Spells: 4/8 levels left

rFire   . . .      SeeInvis .   a - +0 short sword
rCold   . . .      Faith    .   (no shield)
rNeg    . . .      Spirit   .   b - +0 robe
rPois   .          Reflect  .   (helmet restricted)
rElec   .          Harm     .   (no cloak)
rCorr   .          Rampage  .   (no gloves)
Will    .....                   (boots unavailable)
Stlth   ++........              (no amulet)
HPRegen 0.09/turn               (no ring)
MPRegen 0.11/turn               (no ring)

@: flying quickly and evasively, very slightly contaminated, quick
A: beak, talons 3, nimble flight
a: no special abilities


You were on level 3 of the Dungeon.
You visited 1 branch of the dungeon, and saw 3 of its levels.

You collected 131 gold pieces.
You spent 68 gold pieces at shops.

Inventory:

Hand Weapons
 a - a +0 short sword (weapon)
Missiles
 c - 36 stones
Armour
 b - a +0 robe (worn)
Scrolls
 g - 4 scrolls of identify {unknown}
 h - a scroll of blinking {unknown}
 i - a scroll of silence {unknown}
Potions
 d - a potion of berserk rage {unknown}
 e - a potion of degeneration
 f - a potion of curing {unknown}
 j - a potion of heal wounds {unknown}
 k - a potion of cancellation {unknown}


   Skills:
 - Level 2.1 Dodging
 - Level 2.0 Stealth
 - Level 2.0 Spellcasting
 + Level 5.6 Conjurations
 - Level 0.7 Transmutations
 - Level 3.1 Earth Magic


You had 4 spell levels left.
You knew the following spells:

 Your Spells              Type           Power      Damage    Failure   Level
a - Sandblast             Erth           20%        2d7       6%          1
b - Stone Arrow           Conj/Erth      28%        3d8       11%         3

Your spell library contained the following spells:

 Spells                   Type           Power      Damage    Failure   Level
 Passwall                 Tmut/Erth      5%         N/A       16%         2
 Petrify                  Tmut/Erth      7%         N/A       69%         4


Dungeon Overview and Level Annotations

Branches:
Dungeon (3/15)

Altars:
Hepliaklqana

Shops:
D:3 *

Annotations:
D:3 Grinder


Innate Abilities, Weirdness & Mutations

You have a beak for a mouth.
You have claws for feet.
Your magical nature lets you fly swiftly and evasively.


Message History

Okay, then.
Unknown command.
Casting: Stone Arrow (quite dangerous; 10% risk of failure)
Confirm with . or Enter, or press ? or * to list all spells.
The spell is quite dangerous to miscast (10% risk of failure)!
Continue anyway?
Okay, then.
Unknown command.
Casting: Stone Arrow (quite dangerous; 10% risk of failure)
Confirm with . or Enter, or press ? or * to list all spells.
The spell is quite dangerous to miscast (10% risk of failure)!
Continue anyway?
Okay, then.
Okay, then.
It was a potion of degeneration.
There was something very wrong with that liquid.
You feel weakened.
You feel dopey.
You feel clumsy. Grinder closely misses you.
Casting: Stone Arrow (quite dangerous; 11% risk of failure)
Confirm with . or Enter, or press ? or * to list all spells.
The spell is quite dangerous to miscast (11% risk of failure)!
Continue anyway?
Okay, then.
Grinder is nearby!
Unknown command.
Casting: Stone Arrow (quite dangerous; 11% risk of failure)
Confirm with . or Enter, or press ? or * to list all spells.
The spell is quite dangerous to miscast (11% risk of failure)!
Continue anyway?
Okay, then.
Casting: Stone Arrow (quite dangerous; 11% risk of failure)
Confirm with . or Enter, or press ? or * to list all spells.
The spell is quite dangerous to miscast (11% risk of failure)!
Continue anyway?
Aiming: Stone Arrow (quite dangerous; 11% risk of failure)
Press: ? - help, Shift-Dir - straight line, f/p - Grinder
Aim: Grinder (moderately wounded, 64% to hit)
You miscast Stone Arrow.
You are very lightly contaminated with residual magic.
Nothing appears to happen.
Grinder completely misses you.
Unknown command.
Found a crooked smoking staff.
Grinder gestures at you. Pain shoots through your body!
You die...

#......##. # #...._.##. .########
#......##. .#......# #..##..##.
.......# #..######. ##.#......#
#..# #. ..#...|..# #..#
#.#......# #..# #.##@#####
#..##### ###.# #..#.#...#
#......# .....#
#.#5#...###..###.# .....#
#....).......# #.# .....#####
##.##...####.# #.# .........#
#.##...# #.###.###
.........######..##### #.......#
###.#............# #..).....
.................########.[.....#


You could see Grinder.

Vanquished Creatures
  A black bear (D:3)
  Jessica (D:3)
  A gnoll (D:2)
  3 adders (D:2)
  A dart slug (D:3)
  An orc (D:3)
  4 endoplasms
  2 giant cockroaches (D:1)
  2 goblins
  A hobgoblin (D:1)
  A jackal (D:2)
  2 ball pythons
  3 bats
  7 frilled lizards
  3 kobolds (D:1)
  4 rats
37 creatures vanquished.

Notes
Turn   | Place    | Note
-------+----------+-------------------------------------------
     0 | D:1      | SnakkuSnakku7 the Tengu Earth Elementalist began the quest
                  | for the Orb.
     0 | D:1      | Reached XP level 1. HP: 10/10 MP: 4/4
    96 | D:1      | Reached XP level 2. HP: 8/15 MP: 1/6
   416 | D:1      | Found a faded altar of an unknown god.
   658 | D:2      | Reached XP level 3. HP: 19/19 MP: 4/7
   662 | D:2      | Learned a level 3 spell: Stone Arrow
   778 | D:2      | Reached skill level 1 in Conjurations
   782 | D:2      | Reached skill level 2 in Conjurations
  1089 | D:2      | Reached XP level 4. HP: 15/24 MP: 1/8
  1406 | D:3      | Found a hazy altar of Hepliaklqana.
  1415 | D:3      | Reached skill level 3 in Conjurations
  1438 | D:3      | Noticed Grinder
  1559 | D:3      | Noticed a black bear
  1565 | D:3      | Killed a black bear
  1566 | D:3      | Reached skill level 5 in Conjurations
  1566 | D:3      | Gained mutation: Your magical nature lets you fly swiftly
                  | and evasively. [Tengu growth]
  1566 | D:3      | Reached XP level 5. HP: 11/28 MP: 2/9
  1810 | D:3      | Found Hefoir's Assorted Antiques.
  1827 | D:3      | Bought a scroll labelled IBLOOM OLAXT for 18 gold pieces
  1827 | D:3      | Bought a scroll labelled ITIMEY COUVICH for 18 gold pieces
  1827 | D:3      | Bought a viscous green potion for 16 gold pieces
  1827 | D:3      | Bought a fizzy emerald potion for 16 gold pieces
  1938 | D:3      | Noticed Jessica
  1948 | D:3      | Killed Jessica
  2073 | D:3      | Killed from afar by Grinder

Illustrated notes

Levels and vault maps discovered:
D:1:      giann_horns, layout_loops_ring, basic_ecumenical_altar
D:2:      layout_basic, minmay_puff
D:3:      layout_basic, mainiacjoe_overflow_alcove_1, serial_shops,
          nicolae_shop_statue_plus, nrook_uturn, uniq_grinder, uniq_jessica

Skill      XL: |  1  2  3  4 |
---------------+-------------+-----
Earth Magic    | 3 |  3.1
Conjurations   | 2 5 |  5.6
Dodging        | |  2.1
Stealth        | |  2.0
Spellcasting   | |  2.0
Transmutations | |  0.7

Action                   |  1- 3 |  4- 6 || total
-------------------------+-------+-------++-------
Melee: Short sword       |    34 |     8 ||    42
       Peck              |     8 |     1 ||     9
       Kick              |    10 |     1 ||    11
 Cast: Sandblast         |    25 |    16 ||    41
  Use: Potion            |       |     1 ||     1
 Stab: Sleeping          |     3 |       ||     3
Armor: Robe              |     6 |     4 ||    10
Dodge: Dodged            |    24 |     6 ||    30
